 Dungeon Crawl Stone Soup version 0.30.1-4-g462c640d31 (webtiles) character file.

Game seed: 13782985764537528623

410 arthad the Magician (level 7, -6/51 HPs)
             Began as a Djinni Fire Elementalist on Aug 24, 2023.
             Mangled by an ogre
             ... wielding a +0 giant spiked club
              (22 damage)
             ... on level 4 of the Dungeon.
             The game lasted 00:06:10 (3334 turns).

arthad the Magician (Djinni Fire Elementalist)      Turns: 3334, Time: 00:06:10

Health: -6/51      AC:  5    Str:  7    XL:     7   Next: 13%
Gold:   172        EV: 12    Int: 16    God:
                   SH:  0    Dex: 16

rFire   + + .        n - +2 sling (drain)
rCold   x . .        (no shield)
rNeg    . . .        m - +1 leather armour {rPois}
rPois   ∞            h - +0 helmet
rElec   .            (no cloak)
rCorr   .            (no gloves)
SInv    .            (boots unavailable)
Will    .....        (no amulet)
Stlth   ++           (no ring)
HPRegen 0.28/turn    (no ring)
MPRegen 0.00/turn

%: infuse magic (-7 HP)
@: flying, very slightly contaminated
A: sickness immunity, fire resistance 2, cold vulnerability 1, float, innate
caster, HP casting, extra vitality 1
a: no special abilities


You were on level 4 of the Dungeon.
You visited 1 branch of the dungeon, and saw 4 of its levels.

You collected 172 gold pieces.

Inventory:

Hand Weapons
 n - a +2 sling of draining (weapon)
Armour
 a - a +0 robe
 h - a +0 helmet (worn)
 m - a +1 leather armour of poison resistance (worn)
 r - a +2 chain mail of cold resistance
Scrolls
 d - 2 scrolls of noise {unknown}
 e - a scroll of silence {unknown}
 i - 2 scrolls of identify {unknown}
 j - 3 scrolls of blinking {unknown}
 k - a scroll of immolation {unknown}
 l - a scroll of magic mapping {unknown}
 o - 2 scrolls of enchant armour {unknown}
 u - a scroll of amnesia {unknown}
 v - a scroll of torment {unknown}
Potions
 b - 2 potions of heal wounds
 c - 2 potions of cancellation {unknown}
 f - a potion of attraction {unknown}
 g - 2 potions of curing {unknown}
 p - a potion of haste {unknown}
 q - a potion of berserk rage {unknown}
 s - a potion of ambrosia {unknown}
 t - a potion of invisibility {unknown}
 w - a potion of magic {unknown}


   Skills:
 * Level 3.7 Fighting
 + Level 3.6 Dodging
 + Level 2.9 Stealth
 * Level 3.8 Spellcasting


You knew the following spells:

 Your Spells              Type           Power      Damage    Failure   Level
a - Foxfire               Conj/Fire      60%        2x1d7     5%          1
b - Scorch                Fire           30%        2d6       8%          2
c - Volatile Blastmotes   Fire/Tloc      30%        2d12      16%         3
d - Inner Flame           Hex/Fire       15%        N/A       16%         3
e - Flame Wave            Conj/Fire      15%        2d7       45%         4
f - Sandblast             Erth           30%        2d9       5%          1
g - Lesser Beckoning      Tloc           30%        N/A       8%          2
h - Ozocubu's Armour      Ice            15%        N/A       16%         3
Your spell library was empty.

Dungeon Overview and Level Annotations

Branches:
Dungeon (4/15)
 Temple: D:4-7

Altars:


Innate Abilities, Weirdness & Mutations

You are immune to sickness and miasma.
You are immune to poison.
Your flesh is very heat resistant. (rF++)
You are vulnerable to cold. (rC-)
You float through the air rather than walking.
You learn spells naturally, not from books.
Your magical power is your life essence.
You have superior vitality. (+4 MHP)


Message History

The foxfire hits the ogre but does no damage.
An orc comes into view. It is wielding a +0 falchion.
You shoot a sling bullet.
The sling bullet barely misses the ogre.
The orc shouts!
Your foxfire dissipates!
An endoplasm comes into view.
You conjure some foxfire!
The endoplasm quivers.
Casting: Foxfire (safe; 5% risk of failure)
Confirm with . or Enter, or press ? or * to list all spells.
You miscast Scorch.
Nothing appears to happen.
The foxfire hits the ogre.
The ogre is lightly wounded.
The ogre hits you with a +0 giant spiked club!!
Casting: Scorch (safe; 8% risk of failure)
Confirm with . or Enter, or press ? or * to list all spells.
Flames lash the orc.
You kill the orc!
An orc comes into view. It is wielding a +0 club.
The ogre barely misses you.
Your foxfire dissipates!
You conjure some foxfire!
Casting: Foxfire (safe; 5% risk of failure)
Confirm with . or Enter, or press ? or * to list all spells.
Aiming: Sandblast (safe; 5% risk of failure)
Press: ? - help, Shift-Dir - straight line, f - ogre
Aim: an ogre, wielding a +0 giant spiked club (lightly wounded, ally target, 91% to hit)
The blast of sand hits the ogre!
The ogre is heavily wounded.
The foxfire hits the endoplasm.
The endoplasm is moderately wounded.
The ogre hits you with a +0 giant spiked club.
The foxfire hits the endoplasm.
The endoplasm is heavily wounded.
You see here an adder corpse.
Casting: Sandblast (safe; 5% risk of failure)
Confirm with . or Enter, or press ? or * to list all spells.
A cloud of volatile blastmotes flares up around you!
The ogre hits you with a +0 giant spiked club!!
You die...

########## #........#
#####.≈≈..≈≈.#
#...#.≈♣..♣≈.#########
#...J@().)...'.......#
#o..O...())†.).......#
....)..#.≈♣..♣≈.#.......#
.......#.≈≈..≈≈.#..(....#
.......#........#.......#
):)....##########....>..#
....... #...# ##.......
...#### #...# ####.###
... #.#.# #.# #


You could see an ogre, an orc and an endoplasm.

Vanquished Creatures
  An ogre (D:4)
  A wight (D:4)
  2 orc priests (D:4)
  An iguana (D:4)
  3 orc wizards
  5 adders
  11 orcs
  8 endoplasms
  2 giant cockroaches
  7 goblins
  5 hobgoblins
  2 jackals (D:2)
  5 kobolds
  3 quokkas
  2 ball pythons (D:3)
  4 bats
  A frilled lizard (D:3)
  9 rats
72 creatures vanquished.

Vanquished Creatures (others)
  184 foxfires
184 creatures vanquished.

Grand Total: 256 creatures vanquished

Notes
Turn   | Place    | Note
-------+----------+-------------------------------------------
     0 | D:1      | arthad the Djinni Fire Elementalist began the quest for the
                  | Orb.
     0 | D:1      | arthad set off with the following spells memorised:
                  | Foxfire, Scorch, Volatile Blastmotes, Inner Flame, Flame
                  | Wave.
     0 | D:1      | Reached XP level 1. HP: 15/15 MP: 0/0
   231 | D:1      | Reached XP level 2. HP: 20/22 MP: 0/0
   545 | D:1      | Reached skill level 1 in Fighting
  1171 | D:2      | Reached XP level 3. HP: 21/27 MP: 0/0
  1171 | D:2      | Learned a level 1 spell: Sandblast
  1478 | D:2      | Found a faded altar of an unknown god.
  2076 | D:3      | Reached XP level 4. HP: 32/32 MP: 0/0
  2518 | D:3      | Reached XP level 5. HP: 36/38 MP: 0/0
  2518 | D:3      | Learned a level 2 spell: Lesser Beckoning
  2601 | D:4      | Noticed an ogre
  2610 | D:4      | Killed an ogre
  2754 | D:4      | Reached XP level 6. HP: 23/45 MP: 0/0
  3268 | D:4      | Reached XP level 7. HP: 14/50 MP: 0/0
  3268 | D:4      | Learned a level 3 spell: Ozocubu's Armour
  3334 | D:4      | Mangled by an ogre

Illustrated notes

Levels and vault maps discovered:
D:1:      nzn_arrival_settlement, layout_loops_corners,
          chequers_serial_rivers_small_3, hangedman_decor_points
D:2:      layout_loops_cross, dreamdust_ecumenical_altar_hidden_monk_grotto,
          serial_forest, infiniplex_forest_straight_4,
          infiniplex_forest_straight_3, infiniplex_forest_straight_4,
          infiniplex_forest_straight_2, infiniplex_forest_clump_cross,
          infiniplex_forest_straight_5, infiniplex_forest_end_2,
          minmay_misc_feat_encased
D:3:      layout_rooms, grunt_ministairs_12
D:4:      layout_basic, serial_shops, nicolae_shop_industrial_runoff,
          kennysheep_generic_room_5

Skill      XL: |  1  2  3  4  5  6 |
---------------+-------------------+-----
Fighting       | 1 2 3 |  3.7
Stealth        | 2 |  2.9
Spellcasting   | 3 |  3.8
Dodging        | 3 |  3.6

Action                     |  1- 3 |  4- 6 |  7- 9 || total
---------------------------+-------+-------+-------++-------
  Melee: Unarmed           |     2 |       |       ||     2
   Fire: Sling             |    16 |    20 |     3 ||    39
   Cast: Foxfire           |    30 |    69 |    10 ||   109
         Scorch            |     2 |     7 |     1 ||    10
         Volatile Blastmot |       |     6 |     1 ||     7
         Sandblast         |       |     1 |     1 ||     2
         Inner Flame       |       |     1 |       ||     1
    Use: Potion            |       |       |     1 ||     1
 Armour: Robe              |     2 |       |       ||     2
         Leather armour    |     4 |     8 |       ||    12
  Dodge: Dodged            |    11 |    20 |     3 ||    34
